 Dungeon Crawl Stone Soup version 0.18.1-48-g4cf74bf (webtiles) character file.

6959 Galewin the Severer (level 10, -1/90 HPs)
             Began as a Minotaur Berserker on July 12, 2016.
             Was a High Priest of Trog.
             Slain by a ten-headed hydra (11 damage)
             ... on level 11 of the Dungeon.
             The game lasted 00:28:11 (7157 turns).

Galewin the Severer (Minotaur Berserker)            Turns: 7157, Time: 00:28:11

Health: -1/90      AC: 14    Str: 29    XL:     10   Next: 81%
Magic:  0/9        EV:  9    Int:  4    God:    Trog [*****.]
Gold:   264        SH:  0    Dex: 13    Spells: 0 memorised, 9 levels left

rFire  + . .     SeeInvis .     I - +10 war axe of the Stork {freeze, rF+ Str+3 Dex+2}
rCold  + . .     Gourm    .     p - +1 chain mail {rC+}
rNeg   . . .     Faith    .     (no shield)
rPois  .         Spirit   +     (helmet restricted)
rElec  .         Dismiss  .     r - +0 cloak
rCorr  .         Reflect  .     (no gloves)
SustAt .         Harm     .     J - +0 pair of boots
MR     .....                    y - amulet of guardian spirit
Stlth  ..........               (no ring)
                                w - ring of stealth

@: drained, not resistant to hostile enchantments, extremely unstealthy
A: retaliatory headbutt, horns 2, agile 1
a: Berserk, Trog's Hand, Brothers in Arms, Burn Spellbooks, Renounce Religion


You were on level 11 of the Dungeon.
You worshipped Trog.
Trog was extremely pleased with you.
You were hungry.

You visited 1 branch of the dungeon, and saw 11 of its levels.
You also visited: Ossuary.

You collected 754 gold pieces.
You spent 490 gold pieces at shops.

Inventory:

Hand Weapons
 I - the +10 war axe of the Stork (weapon) {freeze, rF+ Str+3 Dex+2}
   (You found it on level 9 of the Dungeon)

   It has been specially enchanted to freeze those struck by it, causing extra
   injury to most foes and up to half again as much damage against particularly
   susceptible opponents.
   It can also slow down cold-blooded creatures.
   It affects your strength (+3).
   It affects your dexterity (+2).
   It protects you from fire.
Armour
 p - a +1 chain mail of cold resistance (worn)
 r - a +0 cloak (worn)
 J - a +0 pair of boots (worn)
Jewellery
 s - an uncursed ring of protection from cold
 w - a ring of stealth (left hand)
 y - an amulet of guardian spirit (around neck)
 E - a cursed ring of teleportation {unknown}
 G - a +6 ring of evasion {unknown}
 L - the cursed necklace of Bloodlust {*Rage +Rage MR+ Str+2 Int-2 Slay+3 *Curse}
   (You found it on level 10 of the Dungeon)

   [amulet of rage]

   It affects your strength (+2).
   It affects your intelligence (-2).
   It affects your accuracy and damage with ranged weapons and melee attacks
   (+3).
   It affects your resistance to hostile enchantments.
   It lets you go berserk.
   It may make you go berserk in combat.
   It may re-curse itself when equipped.
   It has a curse placed upon it.
Wands
 a - a wand of disintegration (5/24)
 b - a wand of acid (15/15)
 B - a wand of paralysis (12/24)
 C - a wand of polymorph (15/24)
Scrolls
 g - 2 scrolls of blinking
 h - 6 scrolls of remove curse
 v - 2 scrolls of identify
 A - a scroll of recharging
 K - a scroll of enchant weapon
Potions
 e - 5 potions of flight
 f - a potion of lignification
 i - 3 potions of cancellation
 j - 2 potions of brilliance {unknown}
 k - 3 potions of degeneration {unknown}
 l - 2 potions of might {unknown}
 m - a potion of invisibility {unknown}
 n - 4 potions of mutation {unknown}
 o - 2 potions of haste {unknown}
 t - 7 potions of curing
 x - 3 potions of resistance {unknown}
 F - a potion of ambrosia {unknown}
Comestibles
 c - 10 bread rations
 d - 3 beef jerkies
 q - 2 chunks of flesh
 u - 5 meat rations
 z - 5 fruits
 D - 11 royal jellies


   Skills:
 + Level 8.7(7.9) Fighting
 * Level 15.6(14.7) Axes
 + Level 8.6(7.8) Armour
 - Level 2.1(1.5) Dodging


You had 9 spell levels left.
You didn't know any spells.

Dungeon Overview and Level Annotations

Branches:
Dungeon (11/15)            Temple (0/1) D:7            Lair (0/8) D:8
    Orc: D:9-12

Altars:
Dithmenos
Elyvilon
Gozag
Kikubaaqudgha
Nemelex Xobeh
Okawaru
Pakellas
Sif Muna
Vehumet
Yredelemnul

Shops:
D:9 !


Innate Abilities, Weirdness & Mutations

You reflexively headbutt those who attack you in melee.
You have a pair of horns on your head.
You are agile. (Dex +2)


Message History

The ten-headed hydra bites you but does no damage.
The ten-headed hydra bites you. The ten-headed hydra bites you!
* * * LOW HITPOINT WARNING * * *
The ten-headed hydra bites you.
* * * LOW HITPOINT WARNING * * *
The ten-headed hydra barely misses you. The ten-headed hydra bites you!
* * * LOW HITPOINT WARNING * * *
The ten-headed hydra bites you.
* * * LOW HITPOINT WARNING * * *
The ten-headed hydra bites you but does no damage.
Read which item? (? for menu, Esc to quit)
As you read the scroll of summoning, it crumbles to dust.
Wisps of shadow whirl around you...
The ten-headed hydra closely misses you.
The ten-headed hydra bites you.
* * * LOW HITPOINT WARNING * * *
The ten-headed hydra bites you.
* * * LOW HITPOINT WARNING * * *
The ten-headed hydra bites you!
You die...

#.# ..# #.#
#..# .## #.#
#..# ..#
##.#####..#
#.#
..........#
..#
##.#####.##
#.#
#.#####.##
####.#######
#........#
#...D.u.....
#######†.#
#.##@# #..#
#.#5#.#
#..###..###.#
#......## #..
#######.# ###
#.# #.# ##


You could see a ten-headed hydra, a friendly brown ugly thing and a friendly
crimson imp.

Vanquished Creatures
  Erica (D:9)
  A komodo dragon (D:8)
  2 wyverns (D:9)
  A hungry ghost (D:10)
  4 hippogriffs
  A steam dragon (D:10)
  A soldier ant (D:10)
  3 ice beasts
  Purgy (D:3)
  4 orc warriors
  A phantom (D:5)
  A sky beast (D:8)
  4 ogres
  A necrophage (D:7)
  A centaur (D:6)
  Blork the orc (D:6)
  5 elf zombies (Ossuary)
  A big kobold (D:9)
  4 giant frogs
  A wyvern zombie (D:6)
  2 scorpions
  The ghost of raikaria the Grasshopper, a weakling DsWr (D:6)
  6 wights
  5 jellies
  11 howler monkeys
  5 crimson imps
  A giant frog zombie (D:9)
  2 centaur zombies (Ossuary)
  5 human zombies (Ossuary)
  3 hounds
  5 orc priests
  Crazy Yiuf (D:6)
  A giant frog skeleton (D:7)
  9 orc wizards
  A centaur skeleton (D:4)
  8 worker ants
  3 mummies (Ossuary)
  Robin (D:4)
  10 gnolls
  15 adders
  2 shadow imps
  An adder zombie (D:5)
  8 oozes
  3 adder skeletons
  4 worms
  A dart slug (D:2)
  3 giant geckos
  38 orcs
  2 ball pythons
  5 bats
  3 giant cockroaches
  22 goblins
  13 hobgoblins
  5 jackals
  4 quokkas
  A giant gecko skeleton (D:4)
  4 giant newts
  A jackal skeleton (D:8)
  12 kobolds
  2 quokka skeletons
  4 rats
  3 fungi (D:10)
  2 plants (D:8)
277 creatures vanquished.

Vanquished Creatures (collateral kills)
  A jelly (D:8)
1 creature vanquished.

Vanquished Creatures (others)
  A lightning spire (D:8)
  2 bushes (D:8)
  2 fungi (D:10)
  A plant (D:8)
6 creatures vanquished.

Grand Total: 284 creatures vanquished

Notes
Turn   | Place    | Note
--------------------------------------------------------------
     0 | D:1      | Galewin the Minotaur Berserker began the quest for the Orb.
     0 | D:1      | Reached XP level 1. HP: 19/19 MP: 0/0
    96 | D:1      | Reached skill level 4 in Axes
   182 | D:1      | Reached XP level 2. HP: 26/26 MP: 1/1
   624 | D:1      | Reached skill level 5 in Axes
   894 | D:2      | Found an opulent altar of Gozag.
   962 | D:2      | Reached XP level 3. HP: 22/31 MP: 2/2
   999 | D:2      | Reached ** piety under Trog
  1188 | D:2      | Reached XP level 4. HP: 39/39 MP: 3/3
  1193 | D:2      | Reached skill level 6 in Axes
  1365 | D:3      | Noticed Purgy
  1371 | D:3      | Killed Purgy
  1371 | D:3      | Reached skill level 7 in Axes
  1371 | D:3      | Reached XP level 5. HP: 45/45 MP: 4/4
  1585 | D:4      | Noticed Robin
  1595 | D:4      | Killed Robin
  1758 | D:4      | Found a white marble altar of Elyvilon.
  1766 | D:4      | Reached skill level 8 in Axes
  1794 | D:4      | Reached XP level 6. HP: 16/51 MP: 5/5
  2012 | D:4      | Reached skill level 9 in Axes
  2017 | D:4      | Reached *** piety under Trog
  2067 | D:4      | Reached XP level 7. HP: 26/57 MP: 6/6
  2224 | D:4      | Found a sand-covered staircase.
  2233 | Ossuary  | Entered an ossuary
  2272 | Ossuary  | Reached skill level 10 in Axes
  2475 | Ossuary  | Reached skill level 11 in Axes
  2676 | Ossuary  | Reached XP level 8. HP: 64/64 MP: 7/7
  2765 | D:5      | Entered Level 5 of the Dungeon
  2823 | D:5      | Found a shadowy altar of Dithmenos.
  2852 | D:5      | Reached skill level 12 in Axes
  3441 | D:6      | Noticed Blork the orc
  3449 | D:6      | Killed Blork the orc
  3530 | D:6      | Reached skill level 5 in Fighting
  3729 | D:6      | Noticed Crazy Yiuf
  3734 | D:6      | Killed Crazy Yiuf
  3809 | D:6      | Found a basalt altar of Yredelemnul.
  3898 | D:6      | Noticed raikaria's ghost (weakling DsWr)
  3906 | D:6      | Killed raikaria's ghost
  4127 | D:7      | Reached XP level 9. HP: 74/74 MP: 8/8
  4130 | D:7      | Reached skill level 5 in Armour
  4132 | D:7      | Reached skill level 13 in Axes
  4206 | D:7      | Found a staircase to the Ecumenical Temple.
  4299 | D:7      | Reached **** piety under Trog
  4774 | D:7      | Found an iron altar of Okawaru.
  4882 | D:8      | Reached skill level 14 in Axes
  4896 | D:8      | Found an oddly glowing altar of Pakellas.
  4897 | D:8      | Noticed a gargoyle
  5043 | D:8      | Reached ***** piety under Trog
  5097 | D:8      | Reached XP level 10. HP: 70/86 MP: 5/9
  5120 | D:8      | Received a gift from Trog
  5226 | D:8      | Found a deep blue altar of Sif Muna.
  5227 | D:8      | Found an ancient bone altar of Kikubaaqudgha.
  5227 | D:8      | Found a radiant altar of Vehumet.
  5605 | D:8      | Found Zetsu's Armour Shoppe.
  5649 | D:8      | Found a staircase to the Lair.
  5836 | D:9      | Found Sivod's Distillery.
  5843 | D:9      | Bought a potion of beneficial mutation for 490 gold pieces
  5843 | D:9      | Gained mutation: You are agile. (Dex +2) [potion of beneficial mutation]
  6111 | D:9      | Found a sparkling altar of Nemelex Xobeh.
  6158 | D:9      | Noticed Erica
  6169 | D:9      | Killed Erica
  6169 | D:9      | Reached skill level 15 in Axes
  6515 | D:9      | Got a slimy war axe
  6516 | D:9      | Identified the +10 war axe of the Stork {freeze, rF+ Str+3 Dex+2} (You found it on level 9 of the Dungeon)
  6539 | D:10     | Entered Level 10 of the Dungeon
  6608 | D:10     | Received a gift from Trog
  7143 | D:11     | Noticed a four-headed hydra
  7157 | D:11     | Slain by a ten-headed hydra

Skill      XL: |  1  2  3  4  5  6  7  8  9 10 |
---------------+-------------------------------+-----
Axes           | 4 5 7 8 9 11 12 14 15 | 15.6
Fighting       | 5 7 8 |  8.7
Armour         | 4 6 8 |  8.6
Dodging        | |  2.1

Action                   |  1- 3 |  4- 6 |  7- 9 | 10-12 || total
-------------------------+-------+-------+-------+-------++-------
Melee: Hand axe          |    39 |       |       |       ||    39
       Headbutt          |    10 |    16 |    64 |    42 ||   132
       War axe           |    38 |    66 |   327 |   218 ||   649
Invok: Berserk           |     2 |     5 |     7 |     3 ||    17
       Trog's Hand       |       |     1 |     1 |       ||     2
       Burn Spellbooks   |       |       |       |     2 ||     2
       Brothers in Arms  |       |       |       |     1 ||     1
Evoke: Wand              |       |       |     2 |       ||     2
  Use: Scroll            |       |     4 |    13 |     5 ||    22
       Potion            |       |       |     4 |     1 ||     5
 Stab: Sleeping          |     2 |       |       |       ||     2
  Eat: Chunk             |     2 |     8 |    15 |     6 ||    31
       Meat ration       |       |       |     1 |       ||     1
       Pizza             |       |       |       |     2 ||     2
Armor: Animal skin       |    16 |    10 |    11 |       ||    37
       Chain mail        |       |       |   142 |    80 ||   222
Dodge: Dodged            |    44 |    48 |   140 |    71 ||   303
